 Dungeon Crawl Stone Soup version 0.30-a0-223-gcb0039aa0c (webtiles) character file.

Game seed: 3945278386314749152

181 qw the Chopper (level 5, 0/32 HPs)
             Began as a Gargoyle Fighter on Oct 9, 2022.
             Was an Initiate of Okawaru.
             Slain by Edmund
             ... wielding a +4 vorpal flail
              (1 damage)
             ... on level 4 of the Dungeon.
             The game lasted 00:00:58 (2597 turns).

qw the Chopper (Gargoyle Fighter)                   Turns: 2597, Time: 00:00:58

Health: 0/32       AC: 17    Str: 21    XL:     5   Next: 61%
Magic:  5/5        EV:  5    Int:  9    God:    Okawaru [......]
Gold:   141        SH:  4    Dex:  9    Spells: 4/4 levels left

rFire   + . .      SeeInvis .    Y - +0 war axe
rCold   . . .      Faith    .    c - +0 buckler
rNeg    + . .      Spirit   .    m - +0 plate armour
rPois   inf        Reflect  .    (no helmet)
rElec   +          Harm     .    (no cloak)
rCorr   +          Rampage  .    e - +1 pair of gloves of Supple Strength {rF+ rCorr}
Will    .....                    (no boots)
Stlth   ..........               (no amulet)
HPRegen 0.25/turn                (no ring)
MPRegen 0.09/turn                (no ring)

@: about to teleport
A: sickness immunity, AC +4, negative energy resistance 1, electricity
resistance, torment resistance 1, petrification resistance
a: Renounce Religion


You were on level 4 of the Dungeon.
You worshipped Okawaru.
Okawaru was noncommittal.
You visited 2 branches of the dungeon, and saw 5 of its levels.

You collected 141 gold pieces.


Innate Abilities, Weirdness & Mutations

You are immune to sickness and miasma.
Your stone body is resilient. (AC +4)
You are immune to poison.
You resist negative energy. (rN+)
You are resistant to electric shocks. (rElec)
You are resistant to unholy torment.
You are immune to petrification.


   Skills:
 - Level 3.2 Fighting
 + Level 4.8 Axes
 - Level 1.3 Throwing
 - Level 3.2 Armour
 - Level 3.2 Shields


You had 4 spell levels left.
You didn't know any spells.
Your spell library was empty.

Inventory:

Hand Weapons
 h - a +0 whip
 Y - a +0 war axe (weapon)
Armour
 c - a +0 buckler (worn)
 e - the +1 pair of gloves of Supple Strength (worn) {rF+ rCorr}
   (You found it on level 2 of the Dungeon)

   rF:        It protects you from fire.
   rCorr:     It protects you from acid and corrosion.
 m - a +0 plate armour (worn)
Scrolls
 a - a scroll of identify
 k - a scroll of teleportation
Potions
 d - 4 potions of might
 f - 3 potions of curing
 i - 2 potions of cancellation
 l - 2 potions of attraction
 n - a potion of lignification

Dungeon Overview and Level Annotations

Branches:
Dungeon (4/15)             Temple (1/1) D:4

Altars:
Ashenzari
Fedhas
Kikubaaqudgha
Makhleb
Okawaru
Trog
Vehumet
The Shining One
Lugonu

Shops:
D:3 (

Annotations:
D:4 Edmund


Message History

Enter note: Throw: javelin
Press: ? - help, Q - select action Shift-Dir - straight line, f - adder You throw a javelin.
The javelin pierces through the adder but does no damage.
The adder bites you but does no damage.
You slash the adder!
You kill the adder!
Okawaru accepts your kill.
Found 8 stones.
You see here an adder corpse.
Edmund the Younger comes into view.
He is wielding a +4 vorpal flail.
Edmund shouts!
Edmund asks, "Have you met my wondrous brother?"
You barely miss Edmund. Edmund hits you but does no damage. x2
You barely miss Edmund. Edmund hits you but does no damage.
You barely miss Edmund. Edmund hits you with a +4 vorpal flail!
Edmund barely misses you.
You hit Edmund.
Edmund is lightly wounded.
Edmund hits you with a +4 vorpal flail.
You hit Edmund but do no damage.
Edmund is lightly wounded.
Edmund hits you but does no damage.
You slash Edmund!
Edmund is moderately wounded.
Edmund hits you but does no damage.
You closely miss Edmund.
Edmund is moderately wounded.
You block Edmund's attack. Edmund hits you with a +4 vorpal flail.
You hit Edmund but do no damage.
Edmund is moderately wounded.
Edmund hits you with a +4 vorpal flail.
2597 ||| READING 2 scrolls of teleportation.
As you read the scroll of teleportation, it crumbles to dust.
You feel strangely unstable. Edmund hits you with a +4 vorpal flail.
You die...

#...........#
#...........#
#.....(....(#
#...........#.
#.............
#............# ......#
#....@.......# #.....#
#@#### #.....# #%...#
#.....# #....##
#(....# #....8#
#.....# ###..##
#.....# #..# ##.....#
#..## .......######
#..8#
##..........######..##


You could see Edmund.

Vanquished Creatures
  2 orc priests (D:3)
  Robin (D:4)
  3 gnolls
  An adder (D:4)
  3 dart slugs
  2 worms (D:2)
  5 orcs
  2 bats (D:1)
  4 endoplasms
  2 giant cockroaches (D:1)
  8 goblins
  6 hobgoblins
  5 kobolds
  A quokka (D:1)
  5 ball pythons
  3 frilled lizards
  4 rats (D:1)
  A spectral kobold (D:2)
58 creatures vanquished.

Vanquished Creatures (others)
  A jelly (D:4)
1 creature vanquished.

Grand Total: 59 creatures vanquished

Notes
Turn   | Place    | Note
-------+----------+-------------------------------------------
     0 | D:1      | qw the Gargoyle Fighter began the quest for the Orb.
     0 | D:1      | Reached XP level 1. HP: 14/14 MP: 1/1
     0 | D:1      | 0 ||| qw: Version: 0.2-a-17-g06abaee
     0 | D:1      | 0 ||| qw: Game counter: 2210
     0 | D:1      | 0 ||| qw: Always use a shield: true
     0 | D:1      | 0 ||| qw: God list: Okawaru
     0 | D:1      | 0 ||| qw: Allow faded altars: false
     0 | D:1      | 0 ||| qw: Do Orc after D:15 true
     0 | D:1      | 0 ||| qw: Do second Lair branch before Depths: true
     0 | D:1      | 0 ||| qw: Lair rune preference: random
     0 | D:1      | 0 ||| qw: Plans: Normal, Zot:1-4, God:TSO, Crypt, Tomb,
                  | Pan, Slime:5, Hells, Abyss, Orb
     0 | D:1      | 0 ||| PLANNING D:1-11
    37 | D:1      | Reached skill level 2 in Axes
    97 | D:1      | 97 ||| Stepping ~*~*~tactically~*~*~ (stealth).
    99 | D:1      | 99 ||| Stepping ~*~*~tactically~*~*~ (stealth).
   102 | D:1      | Reached XP level 2. HP: 19/19 MP: 2/2
   104 | D:1      | 104 ||| Stepping ~*~*~tactically~*~*~ (hiding).
   318 | D:1      | 318 ||| Stepping ~*~*~tactically~*~*~ (stealth).
   319 | D:1      | 319 ||| Stepping ~*~*~tactically~*~*~ (stealth).
   323 | D:1      | Reached skill level 3 in Axes
   323 | D:1      | 323 ||| Stepping ~*~*~tactically~*~*~ (stealth).
   334 | D:1      | Reached XP level 3. HP: 18/23 MP: 3/3
   494 | D:1      | 494 ||| READING 2 scrolls labelled MUASTR LUONT.
   495 | D:1      | 495 ||| READING scroll labelled PIRUONKEUJI.
   496 | D:1      | 496 ||| READING 2 scrolls labelled ODWUEF ZINE.
   501 | D:1      | 501 ||| DRINKING 3 yellow potions.
   502 | D:1      | 502 ||| DRINKING 3 fuming yellow potions.
   503 | D:1      | 503 ||| DROPPING 2 potions of brilliance.
   517 | D:2      | Found a faded altar of an unknown god.
   624 | D:2      | Identified the +1 pair of gloves of Supple Strength {rF+
                  | rCorr}
  1167 | D:2      | 1167 ||| UPGRADING to +1 pair of gloves of Supple Strength
                  | {rF+ rCorr}.
  1172 | D:2      | 1172 ||| DROPPING ring of flight.
  1173 | D:2      | 1173 ||| DRINKING 2 green potions.
  1174 | D:2      | 1174 ||| DRINKING 3 glowing yellow potions.
  1175 | D:2      | 1175 ||| READING 3 scrolls of identify.
  1175 | D:2      | 1175 ||| IDENTIFYING sedimented puce potion
  1176 | D:2      | 1176 ||| DROPPING potion of magic.
  1183 | D:3      | 1183 ||| STAIRDANCE
  1195 | D:3      | Reached skill level 1 in Throwing
  1195 | D:3      | Reached XP level 4. HP: 28/28 MP: 4/4
  1204 | D:3      | Found Duq Jeugh's Antique Weapon Shoppe.
  1211 | D:3      | 1211 ||| SHOPLISTING flail (91 gold, have 82).
  1211 | D:3      | 1211 ||| SHOPLISTING runed morningstar (182 gold, have 82).
  1248 | D:3      | 1248 ||| Stepping ~*~*~tactically~*~*~ (hiding).
  1257 | D:3      | Reached skill level 4 in Axes
  1283 | D:3      | 1283 ||| Stepping ~*~*~tactically~*~*~ (stealth).
  1292 | D:3      | 1292 ||| DROPPING +0 club.
  1322 | D:3      | Reached XP level 5. HP: 24/32 MP: 5/5
  1615 | D:3      | 1615 ||| Stepping ~*~*~tactically~*~*~ (stealth).
  1623 | D:3      | 1623 ||| Stepping ~*~*~tactically~*~*~ (stealth).
  1670 | D:3      | 1670 ||| Stepping ~*~*~tactically~*~*~ (hiding).
  1858 | D:3      | 1858 ||| Stepping ~*~*~tactically~*~*~ (stealth).
  1916 | D:3      | 1916 ||| Stepping ~*~*~tactically~*~*~ (hiding).
  2078 | D:3      | 2078 ||| UPGRADING to +0 plate armour.
  2088 | D:3      | 2088 ||| DROPPING +0 scale mail.
  2089 | D:3      | 2089 ||| DROPPING +6 ring of intelligence.
  2090 | D:3      | 2090 ||| READING 3 scrolls labelled QOCZIZ ROQIH.
  2091 | D:3      | 2091 ||| READING 2 scrolls of identify.
  2091 | D:3      | 2091 ||| IDENTIFYING fuming purple potion
  2092 | D:3      | 2092 ||| DROPPING 2 scrolls of noise.
  2259 | D:4      | Found a glowing golden altar of the Shining One.
  2286 | D:4      | 2286 ||| Stepping ~*~*~tactically~*~*~ (stealth).
  2295 | D:4      | Noticed Robin
  2301 | D:4      | HP: 8/32 [goblin/+0 dagger[Robin] (3)]
  2302 | D:4      | 2302 ||| READING 3 scrolls of teleportation.
  2304 | D:4      | Killed Robin
  2469 | D:4      | Found a staircase to the Ecumenical Temple.
  2470 | D:4      | 2470 ||| PLANNING TEMPLE
  2470 | D:4      | 2470 ||| READING scroll labelled XUALEN YPTOUG.
  2471 | D:4      | 2471 ||| READING scroll labelled MIMIFFOHAS.
  2480 | Temple   | Entered the Ecumenical Temple
  2487 | Temple   | 2487 ||| PLANNING OKAWARU WORSHIP
  2513 | Temple   | Became a worshipper of Warmaster Okawaru
  2514 | Temple   | 2514 ||| PLANNING D:1-11
  2586 | D:4      | Noticed Edmund
  2596 | D:4      | HP: 7/32 [Edmund/+4 vorpal flail (2)]
  2597 | D:4      | 2597 ||| READING 2 scrolls of teleportation.
  2597 | D:4      | HP: 1/32 [Edmund/+4 vorpal flail (6)]
  2597 | D:4      | Slain by Edmund

Levels and vault maps discovered:
D:1:      heliophobic_arrival_enchanted_forest, layout_rooms
D:2:      layout_basic, dreamdust_ecumenical_altar_drowned_temple
D:3:      minmay_door_path, layout_loops_ring, serial_shops, shop,
          grunt_decor_junction
D:4:      layout_basic, tso_oasis_becter, lemuel_temple_firewalk_b,
          serial_corexii_hall, corexii_hall_statues_x,
          chequers_hall_statues_corner_a, uniq_eustachio, uniq_robin,
          uniq_edmund
Temple:   corrupted_temple

Skill      XL: |  1  2  3  4 |
---------------+-------------+-----
Axes           | 2 3 4 |  4.8
Throwing       | 1 |  1.3
Fighting       | |  3.2
Armour         | |  3.2
Shields        | |  3.2

Action                   |  1- 3 |  4- 6 || total
-------------------------+-------+-------++-------
Melee: War axe           |   113 |    56 ||   169
Throw: Javelin           |       |    15 ||    15
  Use: Scroll            |     4 |     6 ||    10
       Potion            |     4 |       ||     4
Armor: Scale mail        |    60 |    15 ||    75
       Plate armour      |       |    21 ||    21
Dodge: Dodged            |    50 |    10 ||    60
Block: Buckler           |    13 |     9 ||    22

Table legend:
 A = Non-vault XP
 B = Vault XP
 C = Vault XP percentage of total XP
 D = Non-vault monster count
 E = Vault monster count
 F = Vault count percentage of total count
                 A         B        C        D         E       F
            +---------+---------+-------+---------+---------+-------
      Total |     233 |      26 |  10.0 |      51 |       7 |  12.1
            +---------+---------+-------+---------+---------+-------
        D:1 |      42 |       0 |   0.0 |      24 |       0 |   0.0
        D:2 |      27 |       1 |   3.6 |       6 |       1 |  14.3
        D:3 |     142 |       3 |   2.1 |      16 |       2 |  11.1
        D:4 |      22 |      22 |  50.0 |       5 |       4 |  44.4
            +---------+---------+-------+---------+---------+-------
